AoeStats
← Panzerkore

Baltic

510918399Analyzed
4v4 RM · 14h ago on Oct 3, 2026· 48m 41s· 8 players
Game mode
Random Map
Map size
Large (8 player)
Population
200
Speed
Normal
Resources
Standard
Victory
Conquest
Starting age
Dark Age
Ending age
Imperial Age
RankedLock teamsTeams togetherTeam positionsShared explorationLock speedFull tech treeHidden civsTurbo modeCheats
Victory
Defeat
🇺🇸 Persians · United States
1399
+12
🇺🇸 Cumans · United States
1246
+18
🇺🇸 Franks · United States
1128
+22
🇺🇸 Romans · United States
1102
+23
🇦🇷 Koreans · Argentina
1322
-20
🇲🇽 Vikings · Mexico
1306
-20
🇺🇸 Berbers · United States
1270
-18
1237
-17
[WWW - KT] Er MaRdiTho!
8:37 Loom
11:14 Feudal Age
11:47 Double-Bit Axe
14:32 Horse Collar
16:09 Horse Collar
23:34 Castle Age
22:36 Gold Mining
23:21 Fletching
23:32 Padded Archer Armor
24:44 Wheelbarrow
23:45 Crossbowman
24:30 Thumb Ring
26:20 Leather Archer Armor
26:04 Bodkin Arrow
27:33 Leather Archer Armor
29:07 Bow Saw
29:42 Stone Mining
35:37 Imperial Age
33:45 Wheelbarrow
34:40 Ballistics
36:30 Arbalester
37:14 Bracer
37:44 Ring Archer Armor
38:20 Chemistry
38:54 Conscription
40:47 Town Watch
iamjhing
8:18 Loom
10:52 Feudal Age
11:18 Loom
11:29 Double-Bit Axe
14:48 Horse Collar
17:56 Loom
21:03 Castle Age
21:04 Fletching
22:48 Medium Warships
24:36 Bow Saw
26:07 Wheelbarrow
25:17 Town Watch
26:54 Gold Mining
29:07 Fishing Lines
31:07 Stone Mining
32:09 Gillnets
33:13 Hand Cart
36:47 Imperial Age
34:40 Bodkin Arrow
35:51 Padded Archer Armor
37:22 Bloodlines
37:14 Husbandry
37:52 Conscription
37:35 Bracer
38:39 Chemistry
37:26 Elite Camel Archer
38:23 Leather Archer Armor
39:52 Kasbah
39:54 Maghrebi Camels
40:26 Ring Archer Armor
39:22 Light Cavalry
41:41 Thumb Ring
41:48 Hussar
Clearly
7:37 Loom
10:23 Feudal Age
13:21 Town Watch
14:36 Double-Bit Axe
15:06 Fishing Lines
20:11 Castle Age
19:05 Fletching
19:05 Horse Collar
21:02 Bodkin Arrow
24:53 Fishing Lines
31:53 Forging
32:03 Heavy Plow
34:23 Iron Casting
33:49 Scale Mail Armor
33:52 Squires
33:38 Arson
38:57 Imperial Age
37:41 Chain Mail Armor
39:06 Elite Varangian Guard
40:47 Blast Furnace
40:18 Plate Mail Armor
40:09 Capped Ram
42:52 Gold Mining
42:53 Stone Mining
44:42 Ballistics
45:23 Chemistry
48:07 Bracer
48:08 Padded Archer Armor
47:43 Crossbowman
48:46 Conscription
48:28 Bogsveigar
JUNCAL
6:11 Loom
9:15 Feudal Age
9:50 Double-Bit Axe
13:47 Horse Collar
19:57 Castle Age
18:14 Gold Mining
20:15 Pikeman
20:56 Squires
28:36 Wheelbarrow
29:38 Bow Saw
34:42 Imperial Age
32:54 Scale Mail Armor
33:05 Forging
33:13 Fletching
34:17 Chain Mail Armor
34:58 Halberdier
36:39 Iron Casting
36:03 Fletching
38:49 Plate Mail Armor
39:04 Fletching
39:59 Ballistics
41:18 Chemistry
41:19 Stone Mining
42:24 Conscription
43:16 Bodkin Arrow
43:04 Man-at-Arms
44:07 Arson
44:44 Bracer
Panzerkore
12:32 Feudal Age
10:50 Loom
15:55 Double-Bit Axe
21:43 Castle Age
19:40 Stone Mining
21:09 Fishing Lines
21:23 Gold Mining
21:36 Fletching
23:33 Bodkin Arrow
26:32 Guard Tower
27:31 Scale Mail Armor
27:34 Squires
30:09 Bow Saw
38:53 Imperial Age
37:00 Wheelbarrow
37:29 Gold Shaft Mining
39:35 Hand Cart
39:39 Fortified Wall
40:43 Conscription
41:00 Ballistics
42:28 Comitatenses
41:51 Man-at-Arms
43:14 Comitatenses
42:23 Long Swordsman
43:28 Chain Mail Armor
43:24 Forging
43:31 Legionary
45:06 Horse Collar
47:55 Iron Casting
Howie
9:50 Loom
11:56 Feudal Age
12:57 Double-Bit Axe
24:54 Castle Age
23:28 Horse Collar
25:12 Gold Mining
29:38 Wheelbarrow
29:17 Bow Saw
31:02 Stone Mining
32:28 Hand Cart
31:58 Town Watch
35:37 Imperial Age
35:46 Imperial Age
33:57 Ballistics
34:09 Padded Archer Armor
35:17 Gold Shaft Mining
35:07 Fletching
36:12 Steppe Husbandry
38:28 Chemistry
37:40 Masonry
39:18 Elite Kipchak
43:00 Thumb Ring
43:38 Conscription
43:38 Cuman Mercenaries
46:48 Parthian Tactics
47:34 Hoardings
47:19 Bodkin Arrow
49:35 Leather Archer Armor
49:26 Scale Barding Armor
osteor10
11:45 Feudal Age
11:35 Loom
16:51 Castle Age
15:46 Stone Mining
21:43 Double-Bit Axe
23:39 Scale Barding Armor
24:13 Bow Saw
25:28 Wheelbarrow
26:22 Husbandry
27:07 Chain Barding Armor
27:25 Scale Mail Armor
27:44 Hand Cart
31:13 Chain Mail Armor
36:00 Imperial Age
32:54 Elite Skirmisher
34:10 Town Watch
34:39 Fletching
34:49 Padded Archer Armor
35:35 Town Patrol
36:23 Bodkin Arrow
37:14 Leather Archer Armor
39:45 Chemistry
39:14 Ballistics
41:24 Cavalier
44:25 Paladin
47:48 Plate Barding Armor
47:44 Plate Mail Armor
48:02 Conscription
bkg45
11:14 Feudal Age
11:26 Loom
15:13 Castle Age
16:44 Scale Barding Armor
21:24 Horse Collar
22:20 Double-Bit Axe
24:19 Bow Saw
26:11 Wheelbarrow
25:40 Heavy Plow
28:20 Hand Cart
28:32 Gold Mining
29:23 Town Watch
32:20 Imperial Age
30:24 Bloodlines
30:14 Husbandry
30:46 Chain Barding Armor
30:37 Forging
31:56 Gold Shaft Mining
30:50 Light Cavalry
31:59 Hussar
33:12 Stone Mining
34:14 Plate Barding Armor
34:38 Iron Casting
37:28 Blast Furnace
36:51 Capped Ram
38:01 Cavalier
39:06 Medium Warships
41:33 Conscription
Connection lost

Rejoining the realm…

Still unreachable

The connection could not be restored.

Session expired

The server has moved on; the page needs a fresh start.